 Dungeon Crawl Stone Soup version 0.19.5 (webtiles) character file.

81646 tidbits the Fencer (level 15, -5/116 HPs)
             Began as a High Elf Skald on Nov 17, 2017.
             Was the Champion of Makhleb.
             Slain by a wolf spider (20 damage)
             ... on level 2 of the Spider Nest on Nov 24, 2017.
             The game lasted 02:57:21 (12789 turns).

tidbits the Fencer (High Elf Skald)                Turns: 12789, Time: 02:57:22

Health: -5/116     AC:  6    Str: 15    XL:     15   Next: 27%
Magic:  3/25       EV: 19    Int: 20    God:    Makhleb [******]
Gold:   792        SH:  0    Dex: 15    Spells: 9 memorised, 3 levels left

rFire  . . .     SeeInvis .     a - +4 triple sword (flame)
rCold  . . .     Gourm    .     B - +0 troll leather armour
rNeg   . . .     Faith    .     (shield currently unavailable)
rPois  .         Spirit   .     E - +1 hat {MR+}
rElec  +         Reflect  .     C - +2 cloak {MR+}
rCorr  +         Harm     .     G - +0 pair of gloves
MR     +++..                    (no boots)
Stlth  ++........               (no amulet)
                                (no ring)
                                K - ring of resist corrosion

@: lethally poisoned (-5 -> -13), singing, corroded
A: robust 1, electricity resistance
a: Minor Destruction, Lesser Servant of Makhleb, Major Destruction, Greater
Servant of Makhleb, Renounce Religion, Stop Singing


You were on level 2 of the Spider Nest.
You worshipped Makhleb.
Makhleb was exalted by your worship.
You were not hungry.

You visited 5 branches of the dungeon, and saw 25 of its levels.
You also visited: Ossuary, Ice Cave and Volcano.

You collected 2199 gold pieces.
You spent 1407 gold pieces at shops.

Inventory:

Hand Weapons
 a - a +4 triple sword of flaming (weapon)
   (You took it off a centaur in a volcano)
 b - a +1 longbow of flaming
   (You found it in a volcano)
 d - the +7 dagger "Gyches" {drain, +Inv rN+}
   (You found it on level 9 of the Dungeon)

   A truly terrible weapon, it drains the life of those it strikes.
   It protects you from negative energy.
   It lets you turn invisible.
 n - the +6 scimitar of Wynenim {elec, rN++}
   (You found it in an ice cave)

   Occasionally, upon striking a foe, it will discharge some electrical energy
   and cause terrible harm.
   It greatly protects you from negative energy.
 q - a +0 blowgun
   (You took it off a kobold on level 12 of the Dungeon)
Missiles
 i - 2 curare-tipped needles
 u - 79 stones
 v - 522 arrows
 M - 4 poisoned javelins (quivered)
Armour
 w - a +2 scale mail of magic resistance
   (You took it off Urug on level 1 of the Orcish Mines)
 B - a +0 troll leather armour (worn)
   (You found it on level 8 of the Dungeon)
 C - a +2 cloak of magic resistance (worn)
   (You found it on level 2 of the Dungeon)
 E - a +1 hat of magic resistance (worn)
   (You took it off Gastronok on level 11 of the Dungeon)
 G - a +0 pair of gloves (worn)
   (You found it on level 5 of the Dungeon)
Rods
 H - a +0 rod of inaccuracy (7/13)
   (You found it on level 5 of the Dungeon)
Jewellery
 K - a ring of resist corrosion (left hand)
   (You found it on level 4 of the Lair of Beasts)
Wands
 p - a wand of paralysis (22/24)
   (You found it on level 6 of the Lair of Beasts)
 s - a wand of lightning (6/15)
   (You found it on level 11 of the Dungeon)
 t - a wand of confusion (11/48)
   (You found it on level 12 of the Dungeon)
 x - a wand of lightning (10/15)
   (You found it on level 6 of the Lair of Beasts)
 y - a wand of iceblast (8/15)
   (You found it on level 3 of the Lair of Beasts)
 O - a wand of flame (23/48)
   (You found it on level 10 of the Dungeon)
 U - a wand of polymorph (9/24)
   (You found it on level 4 of the Lair of Beasts)
 V - a wand of enslavement (8/24)
   (You took it off Erolcha on level 1 of the Orcish Mines)
Scrolls
 c - 3 scrolls of teleportation
 e - 2 scrolls of magic mapping
 l - a scroll of brand weapon
 o - 4 scrolls of blinking
 r - 6 scrolls of remove curse
 J - a scroll of amnesia
 L - 2 scrolls of fog
 W - 2 scrolls of fear
 Z - a scroll of recharging
Potions
 f - 3 potions of lignification
 g - 2 potions of curing
 h - 5 potions of flight
 j - 6 potions of ambrosia
 k - 5 potions of might
 A - 4 potions of haste
 F - 2 potions of magic
 N - 4 potions of agility
 P - 3 potions of resistance
 T - 5 potions of brilliance
 X - a potion of cancellation
Books
 z - a book of Enchantments
   (You found it on level 9 of the Dungeon)

   Spells                             Type                      Level
   a - Cause Fear                     Hexes                        4
   b - Yara's Violent Unravelling     Hexes/Transmutation          5
   c - Silence                        Hexes/Air                    5
   d - Deflect Missiles               Charms/Air                   6
   e - Discord                        Hexes                        8
 I - a book of Unlife
   (You found it on level 10 of the Dungeon)

   Spells                             Type                      Level
   a - Recall                         Summoning/Translocation      3
   b - Animate Dead                   Necromancy                   4
   c - Control Undead                 Necromancy                   4
   d - Cigotuvi's Embrace             Necromancy                   5
   e - Death Channel                  Necromancy                   6
   f - Simulacrum                     Ice/Necromancy               6
 R - a book of Geomancy
   (You found it on level 9 of the Dungeon)

   Spells                             Type                      Level
   a - Sandblast                      Earth                        1
   b - Passwall                       Transmutation/Earth          2
   c - Stone Arrow                    Conjuration/Earth            3
   d - Petrify                        Transmutation/Earth          4
   e - Lee's Rapid Deconstruction     Earth                        5
 Y - a book of the Earth
   (You found it on level 11 of the Dungeon)

   Spells                             Type                      Level
   a - Leda's Liquefaction            Hexes/Earth                  4
   b - Bolt of Magma                  Conjuration/Fire/Earth       5
   c - Statue Form                    Transmutation/Earth          6
   d - Iron Shot                      Conjuration/Earth            6
   e - Shatter                        Earth                        9
Miscellaneous
 D - a disc of storms
   (You found it on level 6 of the Lair of Beasts)
 Q - a box of beasts
Comestibles
 m - 6 meat rations
 S - 2 bread rations


   Skills:
 + Level 11.1 Fighting
 - Level 18.0 Long Blades
 - Level 9.0 Bows
 - Level 5.1 Armour
 + Level 11.0 Dodging
 - Level 3.3 Stealth
 - Level 6.6 Spellcasting
 - Level 1.4 Hexes
 - Level 5.7 Charms
 - Level 6.9 Necromancy
 - Level 2.0 Translocations
 - Level 3.0 Transmutations
 - Level 1.5 Ice Magic
 - Level 2.1 Earth Magic
 - Level 7.0 Invocations
 - Level 5.1 Evocations


You had 3 spell levels left.
You knew the following spells:

 Your Spells              Type           Power        Failure   Level  Hunger
g - Shroud of Golubria    Chrm/Tloc      ###.......   3%          2    None
n - Animate Skeleton      Necr           N/A          1%          1    None
o - Ozocubu's Armour      Chrm/Ice       ###.....     10%         3    #......
p - Passwall              Tmut/Erth      ###.......   8%          2    None
r - Regeneration          Chrm/Necr      ####......   3%          3    #......
u - Control Undead        Necr           ####......   10%         4    ###....
w - Spectral Weapon       Hex/Chrm       ###.....     10%         3    #......
y - Song of Slaying       Chrm           ####....     1%          2    None
N - Animate Dead          Necr           N/A          10%         4    ###....


Dungeon Overview and Level Annotations

Branches:
Dungeon (14/15)            Temple (1/1) D:6            Lair (6/6) D:8
 Shoals (0/4) Lair:2       Spider (2/4) Lair:3        Slime (0/5) Lair:5
    Orc (2/2) D:10            Elf (0/3) Orc:2        Vaults (0/5) D:13

Altars:
Ashenzari
Cheibriados
Dithmenos
Fedhas
Gozag
Hepliaklqana
Kikubaaqudgha
Makhleb
Nemelex Xobeh
Okawaru
Qazlal
Ru
Sif Muna
Trog
Uskayaw
Vehumet
Xom
Yredelemnul
Zin
The Shining One
Beogh
Jiyva

Shops:
D:6 ?   D:13 :   Orc:1 *   Orc:2 ?!:(

Annotations:
D:3 crazy yiuf


Innate Abilities, Weirdness & Mutations

You are robust. (+10% HP)
You are resistant to electric shocks. (rElec)


Message History

The jumping spider leaps!
A tarantella comes into view.
You disentangle yourself.
The jumping spider pounces on you!
The jumping spider bites you but does no damage.
The redback bites you.
You are poisoned.
The redback poisons you! The demonic crawler hits you.
The demonic crawler completely misses you.
The demonic crawler closely misses you.
The jumping spider leaps!
You slash the demonic crawler! You burn the demonic crawler.
The demonic crawler is heavily wounded.
You feel very sick. The redback bites your spectral weapon!
Your spectral weapon shares its damage with you!
Your spectral weapon hits the demonic crawler!!
Your spectral weapon burns the demonic crawler.
The jumping spider leaps!
You feel you are being watched by something.
You feel your power leaking away. The demonic crawler misses you.
The demonic crawler completely misses you. x2
The jumping spider leaps!
The redback bites you!
You are more poisoned.
The redback poisons you!
You feel you are being watched by something.
As you read the scroll of teleportation, it crumbles to dust.
You feel strangely unstable.
You feel very sick. The demonic crawler barely misses you.
The demonic crawler hits you but does no damage.
The demonic crawler hits you. The redback barely misses you.
The demonic crawler hits you. The demonic crawler hits you!
The demonic crawler misses you.
Unknown command.
You barely miss the demonic crawler.
The demonic crawler is almost dead.
You feel very sick.
Your spectral weapon hits the demonic crawler!!
Your spectral weapon burns the demonic crawler.
You kill the demonic crawler!
Makhleb accepts your kill.
You feel better. The redback bites your spectral weapon!
Your spectral weapon shares its damage with you!
Your spectral weapon fades away.
The jumping spider leaps!
The redback barely misses you.
You barely miss the redback.
You feel very sick. The jumping spider closely misses you.
You riposte.
You closely miss the jumping spider. The jumping spider bites you.
* * * LOW HITPOINT WARNING * * *
The redback bites you!
* * * LOW HITPOINT WARNING * * *
The redback barely misses you. The redback bites you!
* * * LOW HITPOINT WARNING * * *
The jumping spider pounces on you.
* * * LOW HITPOINT WARNING * * *
You are caught in a web!
The jumping spider bites you.
* * * LOW HITPOINT WARNING * * *
The redback bites you.
* * * LOW HITPOINT WARNING * * *
You feel better.
The redback bites you but does no damage.
The redback bites you.
* * * LOW HITPOINT WARNING * * *
You are poisoned.
The redback poisons you! The jumping spider barely misses you.
The jumping spider bites you but does no damage.
The redback closely misses you.
You riposte.
You closely miss the redback.
The redback bites you but does no damage.
The redback bites you!
* * * LOW HITPOINT WARNING * * *
You feel better.
Your surroundings suddenly seem different.
An entropy weaver comes into view.
The entropy weaver twitches its antennae in your direction.
The entropy weaver mumbles some strange words.
Found four items. 3 redbacks and an emperor scorpion come into view.
Unknown command.
You hear an angry hiss. 2 wolf spiders come into view.
As you read the scroll of magic mapping, it crumbles to dust.
You feel aware of your surroundings.
The entropy weaver gestures wildly while chanting.
The entropic weave corrodes you!
As you read the scroll of fog, it crumbles to dust.
The scroll dissolves into smoke.
The redback misses you.
You riposte.
You barely miss the redback. The wolf spider hits you!
* * * LOW HITPOINT WARNING * * *
The wolf spider barely misses you. The wolf spider misses you.
You riposte.
You closely miss the wolf spider. The wolf spider bites you.
* * * LOW HITPOINT WARNING * * *
The wolf spider hits you but does no damage.
The wolf spider bites you!
* * * LOW HITPOINT WARNING * * *
You are poisoned.
The wolf spider poisons you!
You feel sick. The wolf spider hits you!!
You die...

**,<,,,,,,,,,,,,,,,,,,
#......*,,.,,,,,,,,*,>
##...#..*,.#,,,,,,,,,,,
##......###^*,,,,,,,,,,,
*..^.......#**,*,,,,,,,,
*##........##*,,..,,,,,,
*##.....$....#*,.....,,,,
*...........##,#.....**,,
**.......@s#..##^#....***,
*,.......sss..........,,,,
*,...../..s§§s....#...,,,*
**......|..§a§........,,*,
*#.......≈§§§.......#,,*,
###.#..≈≈≈...s.....#,,,,
######≈###a.......,,,, ###
#.[......**,,
##.......**,,


You could see an emperor scorpion, an entropy weaver, 2 wolf spiders and 3
redbacks.

Vanquished Creatures
  Rupert (Lair:3)
  Gastronok (D:11)
  A frost giant (IceCv)
  3 orc warlords
  The ghost of Xiguana the Grappler, a journeyman TrSk (Lair:3)
  The ghost of tidbits the Carver, a journeyman HESk of Makhleb (Orc:2)
  Erolcha (Orc:1)
  3 hydras
  A rakshasa (D:13)
  A centaur warrior (D:13)
  The ghost of ponchio the Destroyer, a journeyman DECj of Vehumet (Lair:3)
  A death yak (IceCv)
  2 ogre magi (Orc:2)
  An orc high priest (Orc:1)
  Urug (Orc:1)
  The ghost of tidbits the Carver, a novice HESk of Cheibriados (D:12)
  Nergalle (Orc:2)
  2 unseen horrors (D:13)
  2 necromancers
  3 hill giants
  An oklob plant (Lair:3)
  A manticore (D:13)
  6 orc sorcerers (Orc:2)
  3 wolf spiders (Spider:2)
  8 elephants
  4 ugly things
  2 salamanders
  2 cyclopes
  Maurice (D:9)
  An ice statue (IceCv)
  A torpor snail (Lair:2)
  A molten gargoyle (Volcano)
  5 spiny frogs
  5 black mambas
  2 rime drakes
  5 komodo dragons
  3 centaur skeletons
  2 demonic crawlers (Spider:2)
  A kobold demonologist (D:13)
  6 trolls
  A two-headed ogre (Volcano)
  22 polar bears
  A jumping spider (Spider:2)
  4 hornets (Lair:6)
  3 slime creatures (D:13)
  6 blink frogs
  4 hippogriffs
  3 dream sheep (Lair:6)
  A snapping turtle (Lair:2)
  A redback (Spider:2)
  12 spriggans (Lair:6)
  A fire bat (Volcano)
  35 yaks
  2 wraiths
  A wyvern (Lair:1)
  4 hogs (D:7)
  A human (D:7)
  2 steam dragons
  8 vampire mosquitoes
  A mottled dragon (D:13)
  4 wargs
  2 hell hounds (Volcano)
  12 water moccasins
  12 porcupines
  A phantom (D:5)
  A sky beast (D:9)
  28 orc warriors
  A black bear (D:13)
  7 ice beasts (Lair:6)
  14 ogres
  66 wolves
  2 boggarts (Lair:6)
  5 crocodiles
  14 centaurs
  15 bullfrogs
  8 big kobolds
  A water moccasin skeleton (D:8)
  3 killer bees (D:8)
  5 wights (D:11)
  6 electric eels
  7 crimson imps
  3 howler monkeys
  A bullfrog zombie (D:12)
  4 centaur zombies
  7 hounds
  A jelly (D:9)
  5 orc priests
  2 gnoll shamans (D:9)
  An iguana (D:5)
  30 orc wizards
  7 worker ants
  A big kobold zombie (Ossuary)
  3 ogre zombies (Ossuary)
  A hound skeleton (D:7)
  8 mummies
  11 gnolls
  A howler monkey skeleton (D:9)
  14 adders
  An adder skeleton (D:5)
  5 adder zombies (Ossuary)
  3 dart slugs
  4 leopard geckos
  54 orcs
  A ball python (D:1)
  6 bats
  4 giant cockroaches
  4 hobgoblins
  6 jackals
  21 kobolds
  5 quokkas
  4 frilled lizards
  9 goblins
  3 goblin zombies (Ossuary)
  2 hobgoblin zombies
  5 kobold zombies (Ossuary)
  A leopard gecko skeleton (D:8)
  2 leopard gecko zombies
  2 orc zombies
  6 quokka zombies
  10 rats
  4 rat zombies (Ossuary)
  2 fungi (D:9)
  A plant (D:9)
681 creatures vanquished.

Vanquished Creatures (collateral kills)
  A deep elf mage (D:12)
  An elephant (Lair:6)
  An orc sorcerer (Orc:2)
  A komodo dragon (Lair:6)
  A two-headed ogre (D:13)
  A polar bear (Lair:6)
  2 blink frogs (Lair:6)
  3 dream sheep (Lair:6)
  A hippogriff (Lair:2)
  2 water elementals (D:13)
  2 spriggans (Lair:6)
  5 yaks
  A wyvern (D:9)
  A warg (Orc:2)
  An ice beast (Lair:6)
  5 wolves
  3 orc warriors
  An ogre (Orc:2)
  A centaur (D:12)
  A bullfrog (Lair:2)
  3 wights (D:9)
  A howler monkey (D:9)
  A jelly (D:13)
  2 orc priests (Orc:2)
  A bullfrog skeleton (D:12)
  An orc wizard (Orc:2)
  A worker ant (D:13)
  8 orcs
53 creatures vanquished.

Vanquished Creatures (others)
  2 orc warriors (Orc:2)
  A centaur (Volcano)
  An orc wizard (Orc:2)
  An orc (Orc:2)
  3 fungi
  A plant (Lair:1)
  25 spectral weapons
34 creatures vanquished.

Grand Total: 768 creatures vanquished

Notes
Turn   | Place    | Note
-------+----------+-------------------------------------------
     0 | D:1      | tidbits the High Elf Skald began the quest for the Orb.
     0 | D:1      | Reached XP level 1. HP: 14/14 MP: 4/4
   128 | D:1      | Reached skill level 3 in Spellcasting
   135 | D:1      | Reached XP level 2. HP: 19/19 MP: 2/7
   142 | D:1      | Learned a level 2 spell: Song of Slaying
   145 | D:1      | Learned a level 2 spell: Shroud of Golubria
   361 | D:2      | Reached skill level 3 in Long Blades
   362 | D:2      | Found a basalt altar of Yredelemnul.
   524 | D:1      | Reached XP level 3. HP: 15/24 MP: 0/8
   529 | D:1      | Learned a level 3 spell: Regeneration
   717 | D:1      | Reached skill level 4 in Long Blades
   990 | D:3      | Reached skill level 5 in Long Blades
   990 | D:3      | Reached XP level 4. HP: 24/29 MP: 1/9
  1159 | D:4      | Reached skill level 2 in Dodging
  1372 | D:4      | Found a sand-covered staircase.
  1384 | Ossuary  | Entered an ossuary
  1413 | Ossuary  | Reached XP level 5. HP: 31/34 MP: 6/10
  1548 | Ossuary  | Learned a level 3 spell: Spectral Weapon
  1573 | Ossuary  | Gained mutation: You are robust. (+10% HP) [potion of beneficial mutation]
  1651 | Ossuary  | Reached skill level 1 in Hexes
  1725 | Ossuary  | Reached skill level 1 in Necromancy
  1747 | Ossuary  | Reached skill level 4 in Charms
  1747 | Ossuary  | Reached XP level 6. HP: 28/42 MP: 4/12
  1978 | Ossuary  | Reached skill level 6 in Long Blades
  2011 | D:5      | Entered Level 5 of the Dungeon
  2082 | D:5      | Reached skill level 7 in Long Blades
  2082 | D:5      | Reached XP level 7. HP: 27/49 MP: 2/13
  2085 | D:5      | Identified a +0 rod of inaccuracy (13/13) (You found it on level 5 of the Dungeon)
  2138 | D:5      | You fall through a shaft!
  2289 | D:5      | Found a glowing golden altar of the Shining One.
  2299 | D:5      | Reached skill level 8 in Long Blades
  2368 | D:5      | Gained mutation: You are resistant to electric shocks. (rElec) [potion of beneficial mutation]
  2420 | D:5      | Found a bloodstained altar of Trog.
  2643 | D:7      | Found a glowing golden altar of the Shining One.
  2792 | D:8      | Reached skill level 9 in Long Blades
  2793 | D:8      | Reached XP level 8. HP: 32/55 MP: 10/14
  2835 | D:8      | You fall through a shaft for 2 floors!
  2835 | D:10     | Entered Level 10 of the Dungeon
  2893 | D:10     | Reached skill level 10 in Long Blades
  2947 | D:10     | Found a staircase to the Orcish Mines.
  3021 | D:8      | Noticed a troll
  3024 | D:8      | Reached skill level 3 in Dodging
  3027 | D:8      | HP: 5/55 [killer bee (6)]
  3063 | D:8      | Killed a troll
  3063 | D:8      | Reached skill level 3 in Fighting
  3063 | D:8      | Reached skill level 11 in Long Blades
  3063 | D:8      | Reached skill level 4 in Dodging
  3202 | D:7      | HP: 4/57 [orc warrior/glaive (24)]
  3338 | D:6      | Found Jasoasulei's Magic Scroll Emporium.
  3346 | D:6      | Bought a scroll of blinking for 97 gold pieces
  3346 | D:6      | Bought a scroll of identify for 26 gold pieces
  3346 | D:6      | Bought a scroll of fog for 26 gold pieces
  3346 | D:6      | Bought a scroll of teleportation for 39 gold pieces
  3346 | D:6      | Bought a scroll of random uselessness for 13 gold pieces
  3513 | D:6      | Found a staircase to the Ecumenical Temple.
  3522 | Temple   | Entered the Ecumenical Temple
  3568 | Temple   | Became a worshipper of Makhleb the Destroyer
  3785 | D:7      | Found a glowing silver altar of Zin.
  3896 | D:7      | Reached skill level 4 in Fighting
  3896 | D:7      | Reached skill level 5 in Dodging
  3896 | D:7      | Reached XP level 9. HP: 60/63 MP: 4/15
  3967 | D:7      | Reached skill level 5 in Fighting
  4059 | D:8      | Reached skill level 6 in Dodging
  4127 | D:8      | Reached skill level 12 in Long Blades
  4150 | D:8      | Found a staircase to the Lair.
  4157 | D:8      | Reached * piety under Makhleb
  4189 | Lair:1   | Entered Level 1 of the Lair of Beasts
  4220 | Lair:1   | Reached skill level 2 in Invocations
  4229 | Lair:1   | Reached skill level 3 in Invocations
  4289 | Lair:1   | Reached skill level 4 in Invocations
  4309 | Lair:1   | Noticed a spiny frog
  4333 | Lair:1   | Killed a spiny frog
  4333 | Lair:1   | Reached XP level 10. HP: 22/74 MP: 2/16
  4334 | Lair:1   | Reached skill level 5 in Invocations
  4464 | Lair:2   | Found a staircase to the Shoals.
  4486 | Lair:2   | Reached skill level 1 in Evocations
  4542 | Lair:2   | Reached skill level 6 in Fighting
  4554 | Lair:2   | Reached skill level 7 in Dodging
  4557 | Lair:2   | Reached skill level 2 in Evocations
  4569 | Lair:2   | Noticed a six-headed hydra
  4722 | Lair:1   | Reached skill level 3 in Evocations
  4764 | Lair:1   | Learned a level 1 spell: Animate Skeleton
  4927 | Lair:1   | Reached skill level 4 in Evocations
  4967 | D:8      | Reached ** piety under Makhleb
  4967 | D:8      | Reached skill level 5 in Evocations
  5004 | D:8      | Reached skill level 1 in Armour
  5064 | D:9      | Reached skill level 2 in Armour
  5117 | D:9      | Reached skill level 3 in Armour
  5145 | D:9      | Reached XP level 11. HP: 69/81 MP: 10/17
  5189 | D:9      | Got a dazzling dagger
  5190 | D:9      | Identified the +7 dagger "Gyches" {drain, +Inv rN+} (You found it on level 9 of the Dungeon)
  5472 | D:10     | Reached skill level 1 in Stealth
  5484 | D:10     | Reached skill level 13 in Long Blades
  5566 | D:10     | Reached skill level 7 in Fighting
  5569 | D:10     | Reached *** piety under Makhleb
  5618 | D:9      | Noticed Maurice
  5640 | D:9      | Reached skill level 2 in Stealth
  5665 | D:9      | Reached skill level 8 in Dodging
  5692 | D:9      | Killed Maurice
  5692 | D:9      | Reached skill level 3 in Stealth
  5822 | D:9      | Noticed a necromancer
  5832 | D:9      | Killed a necromancer
  5868 | D:9      | Learned a level 2 spell: Passwall
  5982 | D:11     | Reached skill level 4 in Spellcasting
  5982 | D:11     | Reached skill level 1 in Transmutations
  5993 | D:11     | Noticed Gastronok
  6007 | D:11     | Killed Gastronok
  6007 | D:11     | Reached skill level 5 in Spellcasting
  6007 | D:11     | Reached skill level 3 in Transmutations
  6007 | D:11     | Reached skill level 2 in Earth Magic
  6050 | D:11     | Noticed a hill giant
  6059 | D:11     | Killed a hill giant
  6059 | D:11     | Reached skill level 4 in Armour
  6198 | D:12     | Reached skill level 6 in Invocations
  6200 | D:12     | Noticed a cyan ugly thing
  6212 | D:12     | Killed a cyan ugly thing
  6251 | D:12     | Reached skill level 2 in Necromancy
  6258 | D:12     | Reached **** piety under Makhleb
  6352 | D:13     | Noticed a centaur warrior
  6374 | D:12     | Reached XP level 12. HP: 40/89 MP: 3/20
  6480 | D:13     | HP: 8/89 [white ugly thing (31)]
  6532 | D:12     | Reached skill level 7 in Invocations
  6815 | D:11     | Reached skill level 14 in Long Blades
  7019 | D:13     | Noticed a rakshasa
  7035 | D:13     | Killed a rakshasa
  7064 | D:13     | Killed a centaur warrior
  7064 | D:13     | Reached skill level 8 in Fighting
  7064 | D:13     | Reached skill level 9 in Dodging
  7097 | D:13     | Found Erexkuokh's Book Boutique.
  7190 | D:13     | Reached ***** piety under Makhleb
  7208 | D:13     | Reached skill level 15 in Long Blades
  7287 | D:13     | Found a gate to the Vaults.
  7409 | D:14     | Noticed a centaur warrior
  7578 | D:12     | Noticed tidbits's ghost (novice HESk)
  7588 | D:12     | Killed tidbits's ghost
  7620 | D:11     | Reached skill level 1 in Translocations
  7640 | D:11     | Noticed a four-headed hydra
  7652 | D:11     | Killed a four-headed hydra
  7652 | D:11     | Reached skill level 2 in Translocations
  7652 | D:11     | Reached XP level 13. HP: 99/99 MP: 1/22
  7772 | Orc:1    | Entered Level 1 of the Orcish Mines
  7777 | Orc:1    | Noticed an orc warlord
  7782 | Orc:1    | Noticed Erolcha
  7799 | Orc:1    | Reached skill level 3 in Necromancy
  7807 | Orc:1    | Killed Erolcha
  7808 | Orc:1    | Killed an orc warlord
  7808 | Orc:1    | Reached skill level 6 in Spellcasting
  7856 | Orc:1    | Reached skill level 5 in Charms
  7914 | Orc:1    | Noticed Urug
  7925 | Orc:1    | Killed Urug
  8065 | Orc:1    | Found Liucwuah's Assorted Antiques.
  8068 | Orc:1    | Bought a viscous inky potion for 23 gold pieces
  8068 | Orc:1    | Bought a scroll of identify for 52 gold pieces
  8181 | Orc:1    | Learned a level 4 spell: Animate Dead
  8182 | Orc:2    | Entered Level 2 of the Orcish Mines
  8228 | Orc:2    | Noticed an orc warlord
  8246 | Orc:2    | Killed an orc warlord
  8246 | Orc:2    | Reached skill level 4 in Necromancy
  8460 | Orc:1    | Reached skill level 5 in Necromancy
  8480 | Orc:2    | Noticed tidbits's ghost (journeyman HESk)
  8497 | Orc:2    | Killed tidbits's ghost
  8550 | Orc:2    | Found a staircase to the Elven Halls.
  8706 | Orc:2    | Reached skill level 6 in Necromancy
  8719 | Orc:2    | Reached ****** piety under Makhleb
  8724 | Orc:2    | Found Sekh's Magic Scroll Shop.
  8731 | Orc:2    | Bought a scroll of blinking for 97 gold pieces
  8731 | Orc:2    | Bought a scroll of identify for 26 gold pieces
  8731 | Orc:2    | Bought a scroll of identify for 26 gold pieces
  8731 | Orc:2    | Bought a scroll of identify for 26 gold pieces
  8731 | Orc:2    | Bought a scroll of blinking for 97 gold pieces
  8731 | Orc:2    | Bought a scroll of teleportation for 39 gold pieces
  8747 | Orc:2    | Found an ancient bone altar of Kikubaaqudgha.
  8748 | Orc:2    | Noticed Nergalle
  8759 | Orc:2    | Killed Nergalle
  8796 | Orc:2    | HP: 4/99 [orc sorcerer/bolt of negative energy (20)]
  8798 | Orc:2    | HP: 1/99 [orc sorcerer/bolt of fire (11)]
  8879 | Orc:2    | Noticed an orc warlord
  9086 | Orc:2    | Reached skill level 9 in Fighting
  9272 | Orc:1    | Killed an orc warlord
  9272 | Orc:1    | Reached skill level 10 in Dodging
  9534 | Orc:2    | Reached skill level 5 in Armour
  9539 | Orc:2    | Found a roughly hewn altar of Beogh.
  9539 | Orc:2    | Found Oduugradd's Antique Weapon Shop.
  9547 | Orc:2    | Found Ypsymoik's Distillery.
  9613 | Orc:2    | Found a radiant altar of Vehumet.
  9629 | Orc:2    | Found Buwo's Book Boutique.
  9689 | Orc:2    | Bought a potion of curing for 45 gold pieces
  9689 | Orc:2    | Bought a potion of might for 60 gold pieces
  9689 | Orc:2    | Bought a potion of ambrosia for 120 gold pieces
  9689 | Orc:2    | Bought a potion of resistance for 150 gold pieces
  9689 | Orc:2    | Bought a potion of haste for 150 gold pieces
  9689 | Orc:2    | Bought a potion of heal wounds for 75 gold pieces
  9719 | Orc:2    | Bought a scroll of enchant weapon for 97 gold pieces
  9719 | Orc:2    | Bought a scroll of recharging for 123 gold pieces
  9774 | D:10     | Learned a level 4 spell: Control Undead
  9876 | D:8      | Found a snail-covered altar of Cheibriados.
  9876 | D:8      | Found a radiant altar of Vehumet.
  9964 | Lair:3   | Found a dark tunnel.
  9980 | Volcano  | Entered a volcano
 10193 | Lair:2   | Reached skill level 16 in Long Blades
 10232 | Lair:2   | Learned a level 3 spell: Ozocubu's Armour
 10243 | Lair:2   | Reached XP level 14. HP: 105/106 MP: 19/24
 10249 | Lair:2   | Reached skill level 1 in Ice Magic
 10537 | Lair:3   | Noticed ponchio's ghost (journeyman DECj)
 10548 | Lair:3   | Killed ponchio's ghost
 10548 | Lair:3   | Reached skill level 2 in Bows
 10615 | Lair:3   | Reached skill level 3 in Bows
 10631 | Lair:3   | Noticed Rupert
 10640 | Lair:3   | Killed Rupert
 10640 | Lair:3   | Reached skill level 5 in Bows
 10655 | Lair:3   | Found a hole to the Spider Nest.
 10669 | Lair:3   | Noticed Xiguana's ghost (journeyman TrSk)
 10817 | Lair:6   | Entered Level 6 of the Lair of Beasts
 10884 | Lair:6   | Reached skill level 6 in Bows
 10921 | Lair:6   | Reached skill level 7 in Bows
 10949 | Lair:6   | Found a frozen archway.
 10959 | Lair:6   | Reached skill level 8 in Bows
 10975 | IceCv    | Entered an ice cave
 11083 | IceCv    | Reached skill level 9 in Bows
 11348 | IceCv    | Reached skill level 10 in Fighting
 11352 | IceCv    | Reached skill level 17 in Long Blades
 11386 | IceCv    | Noticed a frost giant
 11405 | IceCv    | Killed a frost giant
 11436 | IceCv    | Got an ancient scimitar
 11466 | IceCv    | Identified the +6 scimitar of Wynenim {elec, rN++} (You found it in an ice cave)
 11695 | Lair:6   | Paralysed by a hornet for 2 turns
 11795 | Lair:6   | Paralysed by a hornet for 3 turns
 11797 | Lair:6   | HP: 8/108 [hornet (8)]
 11811 | Lair:6   | Reached XP level 15. HP: 40/115 MP: 14/25
 11923 | Lair:6   | Reached skill level 18 in Long Blades
 12210 | Lair:5   | Found a viscous altar of Jiyva.
 12210 | Lair:5   | Found a staircase to the Slime Pits.
 12713 | Lair:3   | Killed Xiguana's ghost
 12713 | Lair:3   | Reached skill level 11 in Fighting
 12726 | Spider:1 | Entered Level 1 of the Spider Nest
 12742 | Spider:2 | Reached skill level 11 in Dodging
 12789 | Spider:2 | Slain by a wolf spider

Skill      XL: |  1  2  3  4  5  6  7  8  9 10 11 12 13 14 15 |
---------------+----------------------------------------------+-----
Spellcasting   | 3 5 6 |  6.6
Long Blades    | 3 5 7 9 11 12 13 15 16 17 18 | 18.0
Dodging        | 2 5 6 7 8 9 10 11 | 11.0
Hexes          | 1 |  1.4
Necromancy     | 1 2 6 |  6.9
Charms         | 4 5 |  5.7
Fighting       | 4 5 6 7 8 9 10 11 | 11.1
Invocations    | 4 5 6 7 |  7.0
Evocations     | 5 |  5.1
Armour         | 3 4 5 |  5.1
Stealth        | 3 |  3.3
Transmutations | 3 |  3.0
Earth Magic    | 2 |  2.1
Translocations | 2 |  2.0
Ice Magic      | 1 |  1.5
Bows           | 9 |  9.0

Action                   |  1- 3 |  4- 6 |  7- 9 | 10-12 | 13-15 || total
-------------------------+-------+-------+-------+-------+-------++-------
Melee: Falchion          |    85 |   220 |     5 |       |       ||   310
       Long sword        |       |       |   232 |   272 |       ||   504
       Dagger            |       |       |       |    99 |     1 ||   100
       Great sword       |       |       |       |   250 |   200 ||   450
       Triple sword      |       |       |       |       |   510 ||   510
 Fire: Longbow           |       |       |       |       |     2 ||     2
Throw: Stone             |       |     3 |     3 |       |       ||     6
       Javelin           |       |       |     3 |    12 |    14 ||    29
 Cast: Infusion          |    21 |     9 |     4 |     1 |       ||    35
       Regeneration      |       |     8 |    13 |    19 |    32 ||    72
       Spectral Weapon   |       |    11 |    28 |    53 |    76 ||   168
       Shroud of Golubri |       |     5 |    12 |    18 |    27 ||    62
       Song of Slaying   |       |       |     1 |    16 |    30 ||    47
       Animate Skeleton  |       |       |       |    12 |    44 ||    56
       Passwall          |       |       |       |    13 |    23 ||    36
       Animate Dead      |       |       |       |       |    16 ||    16
       Ozocubu's Armour  |       |       |       |       |     5 ||     5
       Control Undead    |       |       |       |       |     1 ||     1
Invok: Lesser Servant of |       |       |       |     3 |     9 ||    12
 Abil: Evoke Invisibilit |       |       |       |     3 |     1 ||     4
       Turn Visible      |       |       |       |     1 |       ||     1
Evoke: Rod               |       |       |     2 |     9 |     5 ||    16
       Wand              |       |       |     7 |    12 |    41 ||    60
       Box of beasts     |       |       |       |     2 |       ||     2
  Use: Scroll            |     2 |     8 |     8 |    15 |    25 ||    58
       Potion            |       |     3 |     7 |       |    11 ||    21
 Stab: Sleeping          |     2 |     1 |       |     2 |     7 ||    12
       Distracted        |       |     3 |     1 |     5 |    14 ||    23
       Invisible         |       |       |     1 |     3 |       ||     4
  Eat: Chunk             |     1 |     2 |     5 |    16 |    23 ||    47
       Pizza             |       |     1 |       |     1 |       ||     2
       Bread ration      |       |     1 |       |       |     1 ||     2
       Fruit             |       |       |     6 |       |       ||     6
       Beef jerky        |       |       |     1 |     3 |     2 ||     6
       Royal jelly       |       |       |       |     1 |       ||     1
Armor: Leather armour    |    29 |    25 |    37 |       |       ||    91
       Troll leather arm |       |       |    31 |   136 |   217 ||   384
       Ring mail         |       |       |       |       |    33 ||    33
Dodge: Dodged            |    45 |   110 |   192 |   511 |   766 ||  1624
       Rpst.: Falchion   |    19 |    38 |     2 |       |       ||    59
       Long sword        |       |       |    67 |    61 |       ||   128
       Great sword       |       |       |       |    55 |    49 ||   104
       Triple sword      |       |       |       |       |   151 ||   151

Table legend:
 A = Turns spent in this place as a percentage of turns spent in the entire game.
 B = Non-inter-level travel turns spent in this place as a percentage of non-inter-level travel turns spent in the entire game.
 C = Inter-level travel turns spent in this place as a percentage of turns spent in this place.
 D = Turns resting spent in this place as a percentage of non-inter-level travel turns spent in this place.
 E = Turns spent auto-exploring this place as a percentage of non-inter-level travel turns spent in this place.
 F = Non-inter-level travel turns spent in this place divided by the number of levels of this place that you've seen.
                   A       B       C       D       E      F
               +-------+-------+-------+-------+-------+----------------------
         Total | 100.0 | 100.0 |   0.2 |   0.0 |   0.1 | 438.9
       Dungeon |  48.8 |  48.8 |   0.3 |   0.0 |   0.0 | 428.1
        Temple |   0.2 |   0.2 |   4.2 |   0.0 |  47.8 |  23.0
          Lair |  25.1 |  25.1 |   0.0 |   0.0 |   0.0 | 514.3
   Spider Nest |   0.5 |   0.5 |   0.0 |   0.0 |   0.0 |  32.5
  Orcish Mines |  14.7 |  14.6 |   0.5 |   0.0 |   0.0 | 898.5
       Ossuary |   5.0 |   5.0 |   0.0 |   0.0 |   0.0 | 616.0
      Ice Cave |   4.2 |   4.2 |   0.0 |   0.0 |   0.0 | 515.0
       Volcano |   1.6 |   1.6 |   0.0 |   0.0 |   0.0 | 194.0
               +-------+-------+-------+-------+-------+----------------------

Table legend:
 A = Kills in this place as a percentage of kills in entire the game.
 B = Kills by you in this place as a percentage of kills by you in the entire game.
 C = Kills by friends in this place as a percentage of kills by friends in the entire game.
 D = Other kills in this place as a percentage of other kills in the entire game.
 E = Experience gained in this place as a percentage of experience gained in the entire game.
 F = Experience gained in this place divided by the number of levels of this place that you have seen.
                   A       B       C       D       E      F
               +-------+-------+-------+-------+-------+----------------------
         Total | 100.0 | 100.0 | 100.0 | 100.0 | 100.0 | 4165.6
       Dungeon |  44.5 |  45.9 |  28.3 |   0.0 |  28.4 | 2365.6
          Lair |  26.0 |  25.1 |  37.7 |   0.0 |  37.1 | 7217.2
   Spider Nest |   1.0 |   1.0 |   0.0 |   0.0 |   2.5 | 1434.0
  Orcish Mines |  14.8 |  13.6 |  28.3 | 100.0 |  18.5 | 10797.0
       Ossuary |   5.1 |   5.5 |   0.0 |   0.0 |   0.3 | 369.0
      Ice Cave |   7.7 |   7.8 |   5.7 |   0.0 |  11.5 | 13469.0
       Volcano |   1.1 |   1.2 |   0.0 |   0.0 |   1.6 | 1916.0
               +-------+-------+-------+-------+-------+----------------------

Vault maps used:
D:1:      sevenhm_arrival_forest_fort_large_4, chequers_big_river,
          minmay_crystal_room, st_stairs_4
D:2:      lemuel_coloured_pillars_altar
D:3:      cheibrodos_greedy_goblins, first_bread, st_stairs_10,
          serial_bayou_pond_c, minmay_misc_feat_cross, uniq_crazy_yiuf_cottage
D:4:      nicolae_ossuary_entry_giza
D:5:      lemuel_crystal_altar, serial_glass, glass_columns_b, glass_columns_a,
          item_on_display_a, nicolae_tso_carved_into_rock
D:6:      lemuel_temple_firewalk_b, serial_shops, shop,
          kennysheep_generic_room_7
D:7:      kennysheep_little_box, basic_altar, grunt_livestock
D:8:      gammafunk_temple_overflow_statue, erik_lair_island
D:9:      kennysheep_seaside_town, minmay_librarian, uniq_maurice
D:10:     orc_0_dummy
D:11:     uniq_gastronok
D:12:     statue_in_the_mist_lemuel, minmay_lindwurm_lava
D:13:     david_vaults_1, serial_shops, shop
D:14:     cheibrodos_orc_bank, minmay_misc_feat_doors, st_stairs_11
Temple:   nicolae_temple_elliptical
Lair:1:   guppyfry_lair_drakes
Lair:2:   minmay_shoals_entry_hut, grunt_megastairs_1
Lair:3:   dummy_spider_entry, enter_volcano_2, uniq_nergalle, uniq_rupert
Lair:5:   slime_altar_1
Lair:6:   minmay_lair_end_enchanted_forest, portal_ice_cave_entry_ice_beasts
Orc:1:    serial_shops, nicolae_shop_window_shopping, nicolae_orc_lava_tube,
          uniq_erolcha, uniq_urug
Orc:2:    kennysheep_orc_mage_school
Ossuary:  ossuary_boxes_badplayer
IceCv:    ice_cave_caverns_01
Volcano:  volcano_village
